[Event "Titled Tuesday Blitz December 06 Late 2022"]
[White "Nazari, Arad"]
[Black "Gasparyan, David"]
[WhiteFideId "12577324"]
[BlackFideId "13311980"]
[WhiteElo "2264"]
[BlackElo "2389"]
[Result "1-0"]
[Round "02"]
[TimeControl "180+1"]
[Date "2022.12.07"]
[WhiteClock "0:00:13"]
[BlackClock "0:00:14"]

1. e4 c5 2. Nf3 d6 3. Bb5+ Nd7 4. d4 cxd4 5. Qxd4 e5 6. Qd3 Nf6 7. O-O Be7 8. c4 a6 9. Bxd7+ Bxd7 10. Nc3 O-O 11. a4 Rc8 12. b3 Qb6 13. Nd2 Be6 14. Ba3 Nh5 15. a5 Qc7 16. g3 Rcd8 17. Bb4 f5 18. Nd5 Qd7 19. Nxe7+ Qxe7 20. Rad1 f4 21. Kg2 f3+ 22. Nxf3 Bg4 23. Nh4 Bxd1 24. Qxd1 Qg5 25. Bd2 Nf4+ 26. Kh1 Qf6 27. Nf5 Nd3 28. Be3 Nc5 29. Qd5+ Kh8 30. h4 Ne6 31. Rd1 g6 32. Nxd6 Nc7 33. Qc5 Ne8 34. Bg5 Qf3+ 35. Kh2 Qxf2+ 36. Qxf2 Rxf2+ 37. Kg1 Rxd6 38. Rxd6 Nxd6 39. Kxf2 Nxe4+ 40. Kf3 Nc5 41. b4 Nd3 42. Be7 Kg7 43. Ke4 Kf7 44. Kxd3 Kxe7 45. Ke4 Ke6 46. g4 h6 47. g5 hxg5 48. hxg5 Kd6 49. c5+ Ke6 50. b5 axb5 51. c6 Kd6 52. cxb7 Kc7 53. a6 b4 54. Kd3 Kb8 55. Kc4 e4 56. Kxb4 e3 57. Kc3 e2 58. Kd2 Ka7 59. Kxe2 Kb8 60. Ke3 Ka7 61. Ke4 Kb8 62. Ke5 Ka7 63. Kf6 Kb8 64. Kxg6 Ka7 65. Kh7 Kb8 66. g6 Kc7 67. g7 Kb8 68. g8=Q+ Kc7 69. b8=Q+ Kc6 70. Qgc8+ Kd5 71. Qbb7+ Ke5 72. Qc3+ Kf4 73. Qbf3+ Kg5 74. Qcf6# 1-0


[Site "https://www.chess.com"]

[Event "Titled Tuesday Blitz December 06 Late 2022"]
[White "Nepo"]
[Black "Reprintsev, Alexander"]
[BlackFideId "14100541"]
[WhiteElo "2216"]
[BlackElo "2230"]
[Result "1/2-1/2"]
[Round "02"]
[TimeControl "180+1"]
[Date "2022.12.07"]
[WhiteClock "0:00:21"]
[BlackClock "0:00:15"]

1. e4 d5 2. exd5 Qxd5 3. Nc3 Qa5 4. Nf3 Nf6 5. d4 Nc6 6. Be2 Bg4 7. h3 Bxf3 8. Bxf3 Rd8 9. Be3 Nxd4 10. Bxd4 e5 11. Qe2 Rxd4 12. Bxb7 Bb4 13. O-O O-O 14. Ne4 Nxe4 15. Bxe4 Rd2 16. Qf3 g6 17. c3 Bd6 18. b4 Qa3 19. Bd5 Kg7 20. Bb3 Qa6 21. Rfd1 Rxd1+ 22. Rxd1 Qb6 23. Qd5 h5 24. a3 Qb8 25. Bc2 Qa8 26. Qxa8 Rxa8 27. c4 a5 28. c5 Bf8 29. Rd7 axb4 30. axb4 Ra7 31. Bb3 Kh6 32. Rxf7 Bg7 33. b5 Ra3 34. Bd5 e4 35. Bxe4 Be5 36. g3 Rb3 37. Bc6 Rc3 38. Kg2 Rxc5 39. Re7 Bd6 40. Re6 Re5 41. Rxe5 Bxe5 42. f4 Bd4 43. Kf3 Kg7 44. g4 hxg4+ 45. hxg4 Kf6 46. Ke4 Bb6 47. Kd5 Kg7 48. Ke6 Ba5 49. f5 gxf5 50. gxf5 Kf8 51. f6 Bb6 52. f7 Ba5 53. Be4 Bb6 54. Bd3 Ba5 55. Bc4 Bb6 56. Kd7 Ba5 57. Kc6 Bb6 58. Kd7 Ba5 1/2-1/2


[Site "https://www.chess.com"]

[Event "Titled Tuesday Blitz December 06 Late 2022"]
[White "O`Gorman, Tom"]
[Black "Yoo, Christopher Woojin"]
[WhiteFideId "2508249"]
[BlackFideId "30909694"]
[WhiteElo "2271"]
[BlackElo "2463"]
[Result "1-0"]
[Round "02"]
[TimeControl "180+1"]
[Date "2022.12.06"]
[WhiteClock "0:00:32"]
[BlackClock "0:00:01"]

1. d4 Nf6 2. c4 c5 3. d5 b5 4. cxb5 a6 5. e3 axb5 6. Bxb5 Ba6 7. Bxa6 Qa5+ 8. Nc3 Qxa6 9. Nge2 g6 10. O-O Bg7 11. a4 O-O 12. Nb5 Qb7 13. Nec3 d6 14. e4 Na6 15. Be3 Nb4 16. Qd2 Ng4 17. Bf4 Ne5 18. b3 f5 19. Rab1 fxe4 20. Bh6 Bxh6 21. Qxh6 Qd7 22. Qh4 Nbd3 23. Qxe4 Rf4 24. Qe3 Raf8 25. f3 Nb4 26. Rbd1 h5 27. Ne4 h4 28. Ng5 Nc2 29. Qe2 Nd4 30. Nxd4 Rxd4 31. Rxd4 cxd4 32. Ne6 d3 33. Qe4 Rf5 34. f4 Ng4 35. Qxd3 Qa7+ 36. Qd4 Qxd4+ 37. Nxd4 Rxd5 38. Nc6 Rd3 39. b4 Ne3 40. Re1 Kf7 41. a5 Nc2 42. Rxe7+ Kf6 43. Re2 Ne3 44. Re1 1-0


[Site "https://www.chess.com"]

[Event "Titled Tuesday Blitz December 06 Late 2022"]
[White "Omelja, Artem"]
[Black "Milikow, Yoav"]
[WhiteFideId "14119846"]
[BlackFideId "2822237"]
[WhiteElo "2550"]
[BlackElo "2794"]
[Result "1/2-1/2"]
[Round "02"]
[TimeControl "180+1"]
[Date "2022.12.07"]
[WhiteClock "0:00:43"]
[BlackClock "0:01:22"]

1. e4 e5 2. Nf3 Nc6 3. Nc3 Nf6 4. d4 exd4 5. Nxd4 Bb4 6. Nxc6 bxc6 7. Bd3 d5 8. exd5 O-O 9. O-O Bg4 10. f3 Bh5 11. Bg5 Qd6 12. Kh1 Nxd5 13. Nxd5 cxd5 14. c4 Bg6 15. cxd5 Qxd5 16. Bxg6 Qxg5 17. Be4 Rab8 18. Qc1 Qe5 19. b3 Bd6 20. g3 f5 21. Qc4+ Kh8 22. Bc2 Rb4 23. Qc6 f4 24. Rae1 Qf6 25. g4 Rb6 26. Qe4 Qh4 27. Rd1 Rbb8 28. Rd5 Rbe8 29. Rh5 Qxh5 30. gxh5 Rxe4 31. Bxe4 Re8 32. Rd1 Re5 33. Rd5 Kg8 34. Rxe5 Bxe5 35. Kg2 h6 36. Kh3 Kf7 37. Kg4 Kf6 38. Bc6 Bd6 39. a4 a5 40. Bb5 Ke5 41. Bc4 Bb4 42. h3 Be1 43. Bg8 Bd2 44. Bc4 Kf6 45. Bg8 Be3 46. Bh7 Kf7 47. Bd3 Ke6 48. Bc4+ Kf6 49. Bd3 c6 50. Be4 c5 51. Bd3 Bd2 52. Be4 Ke5 53. Bd3 Be3 54. Bc4 Bc1 55. Bg8 Bd2 56. Bc4 Kf6 57. Bd3 Bc1 58. Bc4 g6 59. hxg6 Kxg6 60. h4 h5+ 61. Kh3 Kf6 62. Bd3 Bd2 63. Bb5 Kg7 64. Be8 Kh6 65. Bf7 Be1 66. Be8 Bg3 67. Bf7 Be1 68. Be8 Bf2 69. Bf7 Bg3 70. Be8 Be1 71. Bf7 Bf2 72. Be8 Be1 73. Bf7 Bb4 74. Be8 Bc3 75. Bf7 Bf6 76. Be8 Be7 77. Bf7 Bd8 78. Be8 Bf6 79. Bf7 Bg7 80. Be8 Be5 81. Bf7 Bc3 82. Be8 Bb4 83. Bf7 Ba3 84. Be8 Bb2 85. Bf7 Be5 86. Be8 Bc3 87. Bf7 Bd2 88. Be8 Bb4 89. Bf7 Bc3 90. Be8 Bh8 91. Bf7 Bg7 92. Be8 Bf8 93. Bf7 Be7 94. Be8 Bd8 95. Bf7 Bc7 96. Be8 Bb8 97. Bf7 Ba7 98. Be8 Bb6 99. Bf7 Bc7 100. Be8 Bd6 101. Bf7 Be7 102. Be8 Bf6 103. Bf7 Bg7 1/2-1/2


[Site "https://www.chess.com"]

[Event "Titled Tuesday Blitz December 06 Late 2022"]
[White "Osmonbekov, Talaibek"]
[Black "Yuan, Qingyu"]
[WhiteFideId "2017253"]
[BlackFideId "8609772"]
[WhiteElo "2135"]
[BlackElo "2359"]
[Result "0-1"]
[Round "02"]
[TimeControl "180+1"]
[Date "2022.12.07"]
[WhiteClock "0:00:03"]
[BlackClock "0:00:48"]

1. d4 Nf6 2. Bf4 d5 3. Nc3 c5 4. e3 cxd4 5. exd4 a6 6. Nf3 Nc6 7. Ne5 Bd7 8. Qd2 e6 9. a3 Qb6 10. Na4 Qxd4 11. Qxd4 Nxd4 12. Nb6 Nxc2+ 13. Kd1 Nxa1 14. Nexd7 Rd8 15. Nxf6+ gxf6 16. Bc7 Nb3 17. Bxd8 Kxd8 18. Na4 b5 19. Nc3 Bc5 20. f3 Rg8 21. g3 Bd4 22. Bd3 Bxc3 23. bxc3 h6 24. a4 bxa4 25. Bxa6 Ke7 26. Kc2 Ra8 27. Bb5 Nc5 28. Ra1 f5 29. f4 Kd6 30. Ra3 Rb8 31. Be2 Rb3 32. Ra2 Rb7 33. Ra3 Ra7 34. Bb5 Ra5 35. Be2 Ne4 36. Bd3 Kc5 37. Kd1 Nd6 38. Kc2 Nc4 39. Ra1 a3 40. Ra2 f6 41. Kb3 Rb5+ 42. Kc2 Rb2+ 43. Rxb2 Nxb2 44. Be2 Na4 45. Kb3 a2 0-1


[Site "https://www.chess.com"]

[Event "Titled Tuesday Blitz December 06 Late 2022"]
[White "Ozer, Omer Faruk"]
[Black "Kollars, Dmitrij"]
[WhiteFideId "6354564"]
[BlackFideId "12909572"]
[WhiteElo "2260"]
[BlackElo "2584"]
[Result "0-1"]
[Round "02"]
[TimeControl "180+1"]
[Date "2022.12.06"]
[WhiteClock "0:00:05"]
[BlackClock "0:00:15"]

1. e4 c5 2. Nf3 Nc6 3. Nc3 d6 4. d4 cxd4 5. Nxd4 Nf6 6. Bc4 e6 7. Be3 Bd7 8. Qe2 Na5 9. Bd3 a6 10. O-O Be7 11. f4 Qc7 12. Kh1 Rc8 13. Rae1 Nc4 14. Bc1 e5 15. Nf5 Bxf5 16. exf5 O-O 17. fxe5 dxe5 18. b3 Na3 19. Ne4 Nxc2 20. Rd1 Nd4 21. Qe1 Rfd8 22. Bb2 Nxe4 23. Qxe4 Bf6 24. Rc1 Qb6 25. Rc4 Rxc4 26. Bxc4 Qb4 27. Rd1 b5 28. Qb7 Qe7 29. Qxe7 Bxe7 30. Bd3 Nxf5 31. Bxe5 Ne3 32. Rd2 Nc4 33. bxc4 bxc4 34. Bxh7+ Kxh7 35. Rxd8 Bxd8 36. Kg1 Kg6 37. Kf2 f6 38. Bd4 Kf5 39. Kf3 Ke6 40. g4 Kd5 41. Bc3 Bc7 42. h4 Be5 43. Bd2 c3 44. Bc1 Kd4 45. h5 Kd3 0-1


[Site "https://www.chess.com"]

[Event "Titled Tuesday Blitz December 06 Late 2022"]
[White "Paravyan, David"]
[Black "Oro, Faustino"]
[WhiteFideId "4194985"]
[BlackFideId "20000197"]
[WhiteElo "2551"]
[BlackElo "1984"]
[Result "1-0"]
[Round "02"]
[TimeControl "180+1"]
[Date "2022.12.06"]
[WhiteClock "0:01:44"]
[BlackClock "0:00:18"]

1. e4 e5 2. Nf3 Nc6 3. Nc3 Nf6 4. d4 exd4 5. Nxd4 Bb4 6. Nxc6 bxc6 7. Bd3 O-O 8. O-O d5 9. exd5 cxd5 10. Bg5 c6 11. Qf3 Be7 12. h3 Be6 13. Rfe1 Rb8 14. Ne2 Rxb2 15. Nd4 Bd7 16. Nb3 Bb4 17. c3 Ba3 18. Bc1 Qb6 19. Bxb2 Bxb2 20. Rab1 Ba3 21. Nd4 Qc7 22. Bf5 g6 23. Bxd7 Nxd7 24. c4 Bc5 25. Nb3 dxc4 26. Nxc5 Nxc5 27. Rec1 Rd8 28. Rxc4 Rd5 29. Rbc1 Qd6 30. Qg3 Qe7 31. Qa3 1-0


[Site "https://www.chess.com"]

[Event "Titled Tuesday Blitz December 06 Late 2022"]
[White "Pasti, Aron"]
[Black "Timmermans, Mark"]
[WhiteFideId "785857"]
[BlackFideId "1026399"]
[WhiteElo "2250"]
[BlackElo "2460"]
[Result "0-1"]
[Round "02"]
[TimeControl "180+1"]
[Date "2022.12.07"]
[WhiteClock "0:00:01"]
[BlackClock "0:00:13"]

1. e4 e5 2. Nf3 Nc6 3. Bb5 f5 4. d3 fxe4 5. dxe4 Nf6 6. O-O d6 7. Nc3 Be7 8. h3 O-O 9. Be3 Kh8 10. a3 Qe8 11. Bc4 Qh5 12. Ng5 Qg6 13. Ne6 Bxe6 14. Bxe6 Nxe4 15. Bd5 Nxc3 16. bxc3 Bg5 17. Rb1 Rab8 18. Qg4 Bxe3 19. Qxg6 hxg6 20. fxe3 Rxf1+ 21. Rxf1 Ne7 22. Be6 Nf5 23. e4 Ng3 24. Rf7 c6 25. c4 Nxe4 26. h4 Kh7 27. Kf1 g5 28. Bf5+ Kg8 29. Be6 Kh8 30. h5 Ng3+ 31. Kf2 Nxh5 32. g3 Nf6 33. Ke3 Kh7 34. Bf5+ Kh6 35. g4 d5 36. cxd5 cxd5 37. Re7 d4+ 38. Kd3 g6 39. Be6 Rd8 40. Bf7 e4+ 41. Kd2 e3+ 42. Ke1 Nxg4 43. Re6 Kg7 44. Bxg6 Nf6 45. Bf5 Kf7 46. Re5 Rd6 0-1


[Site "https://www.chess.com"]

[Event "Titled Tuesday Blitz December 06 Late 2022"]
[White "Perez Leiva, Jerzy Jesus"]
[Black "Dardha, Daniel"]
[WhiteFideId "3524337"]
[BlackFideId "240990"]
[WhiteElo "2289"]
[BlackElo "2528"]
[Result "0-1"]
[Round "02"]
[TimeControl "180+1"]
[Date "2022.12.06"]
[WhiteClock "0:00:03"]
[BlackClock "0:00:40"]

1. c4 e5 2. Nc3 Nf6 3. Nf3 e4 4. Ng5 c6 5. Ngxe4 Nxe4 6. Nxe4 d5 7. Ng3 h5 8. h4 Bd6 9. cxd5 Bxg3 10. fxg3 cxd5 11. d3 Nc6 12. Bf4 Bg4 13. Qd2 O-O 14. O-O-O Rc8 15. Kb1 d4 16. Rc1 Qd5 17. e4 dxe3 18. Bxe3 Be6 19. b3 a5 20. Rc5 Qd6 21. d4 a4 22. bxa4 Rfd8 23. Bb5 b6 24. Rc3 Nb4 25. Rhc1 Rxc3 26. Rxc3 Bxa2+ 27. Kb2 Be6 28. Bg5 f6 29. Bf4 Qd5 30. Ka3 Qe4 31. Rc1 Rxd4 32. Qe1 0-1


[Site "https://www.chess.com"]

[Event "Titled Tuesday Blitz December 06 Late 2022"]
[White "Petrovic, Aleksa"]
[Black "Gerbelli Neto, Eduardo"]
[WhiteFideId "967629"]
[BlackFideId "2103281"]
[WhiteElo "2230"]
[BlackElo "2178"]
[Result "1-0"]
[Round "02"]
[TimeControl "180+1"]
[Date "2022.12.07"]
[WhiteClock "0:00:59"]
[BlackClock "0:00:25"]

1. d4 d5 2. c4 c6 3. Nf3 Nf6 4. Nc3 e6 5. e3 Nbd7 6. Qc2 Bd6 7. Bd3 O-O 8. O-O dxc4 9. Bxc4 e5 10. Rd1 Qe7 11. a3 e4 12. Ng5 Nb6 13. Ba2 Bxh2+ 14. Kxh2 Ng4+ 15. Kg1 Qxg5 16. Qxe4 Qh5 17. Qf4 Be6 18. f3 Nf6 19. g4 Qh4 20. Kg2 Nfd5 21. Nxd5 Nxd5 22. Qg3 Qxg3+ 23. Kxg3 Nc7 24. Bxe6 Nxe6 25. e4 Rad8 26. Be3 Rd7 27. Rd2 Rfd8 28. Rad1 b6 29. f4 f6 30. f5 Nc7 31. e5 fxe5 32. dxe5 Rxd2 33. Rxd2 Rxd2 34. Bxd2 Nd5 35. Kf3 Kf7 36. Ke4 h6 37. e6+ Ke7 38. Ke5 a5 39. g5 hxg5 40. Bxg5+ Ke8 41. Kd6 1-0


[Site "https://www.chess.com"]

[Event "Titled Tuesday Blitz December 06 Late 2022"]
[White "Pham, Khoi"]
[Black "Liu, Casper"]
[WhiteFideId "1054988"]
[BlackFideId "1454153"]
[WhiteElo "2491"]
[BlackElo "2217"]
[Result "0-1"]
[Round "02"]
[TimeControl "180+1"]
[Date "2022.12.07"]
[WhiteClock "0:01:52"]
[BlackClock "0:01:55"]

1. e4 c6 2. d4 d5 3. exd5 cxd5 4. c4 Nf6 5. Nc3 g6 6. Nf3 Bg7 7. cxd5 O-O 8. Bc4 Nbd7 9. O-O Nb6 10. Bb3 Nfxd5 11. h3 Be6 12. Re1 Nxc3 13. bxc3 Bxb3 14. axb3 Qc7 15. c4 Rfd8 16. Bb2 e6 17. Qe2 Qf4 18. Ra5 a6 19. g3 Qc7 20. Rc5 Qe7 21. Ne5 Nd7 22. Rc7 Qd6 23. Rxb7 Bxe5 24. dxe5 Qc6 25. Qe4 Qxe4 26. Rxe4 Nc5 0-1


[Site "https://www.chess.com"]

[Event "Titled Tuesday Blitz December 06 Late 2022"]
[White "Pham, Le Thao Nguyen"]
[Black "Spyropoulos, Nikolaos"]
[WhiteFideId "12401226"]
[BlackFideId "4298977"]
[WhiteElo "2282"]
[BlackElo "2336"]
[Result "0-1"]
[Round "02"]
[TimeControl "180+1"]
[Date "2022.12.07"]
[WhiteClock "0:00:03"]
[BlackClock "0:00:03"]

1. d4 d5 2. Nf3 Nc6 3. g3 Nf6 4. Bg2 Bf5 5. O-O e6 6. a3 Bd6 7. b4 O-O 8. b5 Na5 9. Nbd2 a6 10. a4 Ne4 11. Nxe4 Bxe4 12. Ba3 Nc4 13. Bxd6 Qxd6 14. Nd2 Bxg2 15. Kxg2 axb5 16. Nxc4 bxc4 17. Qd2 b6 18. h4 Ra5 19. h5 h6 20. Rh1 Rfa8 21. Rh4 Rxa4 22. Rah1 c5 23. g4 c3 24. Qe3 Rxd4 25. g5 hxg5 26. Qxg5 Qd8 27. Qg3 Qf6 28. e3 Rxh4 29. Rxh4 e5 30. h6 g6 31. h7+ Kh8 32. f4 Re8 33. Qh3 Qf5 34. Qg3 Qxc2+ 35. Kh3 Qf5+ 36. Kh2 c2 37. Qg1 d4 38. Qh1 dxe3 39. Qc6 Rf8 40. Qd6 Re8 41. Qc6 Qe6 42. Qh1 e2 0-1


[Site "https://www.chess.com"]

[Event "Titled Tuesday Blitz December 06 Late 2022"]
[White "Poliakova, Varvara"]
[Black "Alexikov, Alexander"]
[WhiteFideId "13518313"]
[BlackFideId "14103958"]
[WhiteElo "2075"]
[BlackElo "2222"]
[Result "1-0"]
[Round "02"]
[TimeControl "180+1"]
[Date "2022.12.07"]
[WhiteClock "0:00:47"]
[BlackClock "0:00:02"]

1. f4 g6 2. Nf3 Bg7 3. g3 c6 4. Bg2 d5 5. O-O Nh6 6. d3 O-O 7. e4 Ng4 8. Nc3 Qb6+ 9. d4 dxe4 10. Nxe4 Bf5 11. Nc5 Nd7 12. Nxd7 Bxd7 13. c3 e5 14. h3 e4 15. Ng5 Nf6 16. Qc2 Rfe8 17. Be3 Nd5 18. Rfe1 f5 19. h4 h6 20. Nh3 c5 21. dxc5 Nxe3 22. Rxe3 Qxc5 23. Qf2 Bb5 24. h5 Rad8 25. hxg6 Rd6 26. Bf1 Bxf1 27. Rxf1 Red8 28. Re2 b6 29. Qxc5 bxc5 30. Kf2 Rxg6 31. Rfe1 c4 32. Ng1 Bf8 33. Rc2 Rd3 34. Ne2 Bc5+ 35. Kg2 a5 36. b3 Kf7 37. bxc4 Rb6 38. Nd4 Bxd4 39. cxd4 Rxd4 40. c5 Rc6 41. Rh1 Rd5 42. a4 Kg6 43. Rb1 Rdxc5 44. Rxc5 Rxc5 45. Rb6+ Kh5 46. Kh3 Rc4 47. Rb5 Kg6 48. Rxa5 e3 49. Re5 Rxa4 50. Rxe3 Ra1 51. Re8 Ra5 52. Kh4 Ra1 53. Kh3 1-0


[Site "https://www.chess.com"]

[Event "Titled Tuesday Blitz December 06 Late 2022"]
[White "Polster, Christian"]
[Black "Toncheva, Nadya"]
[WhiteFideId "12965081"]
[BlackFideId "2924056"]
[WhiteElo "2195"]
[BlackElo "2101"]
[Result "0-1"]
[Round "02"]
[TimeControl "180+1"]
[Date "2022.12.07"]
[WhiteClock "0:00:02"]
[BlackClock "0:00:16"]

1. e4 c5 2. Nc3 Nc6 3. Nge2 g6 4. d4 cxd4 5. Nxd4 Bg7 6. Be3 Nf6 7. Bc4 O-O 8. Bb3 d6 9. f3 Bd7 10. Qd2 Rc8 11. O-O-O Ne5 12. h4 h5 13. Bg5 Nc4 14. Qe2 b5 15. Ndxb5 Bxb5 16. Nxb5 Na5 17. Kb1 Nxb3 18. cxb3 Qb6 19. Nc3 Qb7 20. g4 Rc5 21. Bxf6 Bxf6 22. Nd5 Bg7 23. gxh5 e6 24. Ne3 Rxh5 25. Rxd6 Rc8 26. Nc4 Qc7 27. Rhd1 Rxh4 28. Qf2 Rh5 29. Rd7 Qf4 30. Rxa7 Rh2 31. Qg1 Rxc4 32. Rd8+ Kh7 33. Rxf7 Rxb2+ 34. Ka1 Rc1+ 35. Qxc1 Qxc1# 0-1


[Site "https://www.chess.com"]

[Event "Titled Tuesday Blitz December 06 Late 2022"]
[White "Popilski, Gil"]
[Black "Sjugirov, Sanan"]
[WhiteFideId "2809060"]
[BlackFideId "4189302"]
[WhiteElo "2537"]
[BlackElo "2613"]
[Result "1-0"]
[Round "02"]
[TimeControl "180+1"]
[Date "2022.12.06"]
[WhiteClock "0:00:03"]
[BlackClock "0:00:01"]

1. e4 c5 2. Nf3 d6 3. d4 cxd4 4. Nxd4 Nf6 5. Nc3 a6 6. Bd3 e5 7. Nde2 Be7 8. Ng3 O-O 9. O-O Be6 10. h3 Nbd7 11. Qf3 Re8 12. Nf5 Bf8 13. Bg5 b5 14. Rfe1 b4 15. Nd5 Bxd5 16. exd5 g6 17. Nh6+ Bxh6 18. Bxh6 Nh5 19. g4 Ng7 20. Qg3 Nc5 21. Bf1 Qd7 22. a3 a5 23. Qh4 f5 24. axb4 axb4 25. Qf6 Rxa1 26. Rxa1 Rf8 27. Qh4 Qf7 28. b3 Ne4 29. gxf5 Nxf5 30. Qxe4 Nxh6 31. Qg2 Nf5 32. Ra6 Qf6 33. Bd3 Nh4 34. Qg3 Nf3+ 35. Kh1 Ng5 36. h4 Nf3 37. h5 g5 38. Qg4 Nd4 39. Qe4 Qf7 40. Kg2 Qxf2+ 41. Kh3 Qf7 42. Kg4 1-0


[Site "https://www.chess.com"]

[Event "Titled Tuesday Blitz December 06 Late 2022"]
[White "Postnikov, Daniil"]
[Black "Martinez Alcantara, Jose Eduardo"]
[WhiteFideId "4166329"]
[BlackFideId "3805662"]
[WhiteElo "2261"]
[BlackElo "2707"]
[Result "0-1"]
[Round "02"]
[TimeControl "180+1"]
[Date "2022.12.06"]
[WhiteClock "0:00:16"]
[BlackClock "0:00:18"]

1. e4 c5 2. a3 e6 3. b4 d5 4. d4 cxd4 5. exd5 exd5 6. Nf3 Nf6 7. Nxd4 Be7 8. Be2 O-O 9. O-O Nc6 10. Bb2 Ne4 11. Nd2 Bf6 12. Nxe4 dxe4 13. Nxc6 Qxd1 14. Raxd1 Bxb2 15. Ne7+ Kh8 16. Nxc8 Raxc8 17. c4 Bxa3 18. Rb1 a5 19. bxa5 Rc7 20. Rb5 g6 21. Rfb1 Ra8 22. Rxb7 Rxb7 23. Rxb7 Rxa5 24. Rxf7 Bc5 25. g3 Ra2 26. Kf1 Ra1+ 27. Kg2 Ra2 28. Kf1 Ra6 29. Rc7 Ra5 30. Rc8+ Kg7 31. Re8 e3 32. fxe3 Ra3 33. Kf2 Ra7 34. Re5 Rc7 35. Kf3 Kf6 36. Rd5 h5 37. e4 Ke6 38. Bd3 Rf7+ 39. Kg2 Rf2+ 40. Kh3 Be3 41. c5 g5 42. g4 h4 43. Rf5 Bf4 44. Bc4+ Ke7 45. Rf7+ Ke8 46. Rxf4 Rxf4 47. Bd5 Kd7 48. Bb7 Kc7 49. Bd5 Rf2 50. c6 Kd6 0-1


[Site "https://www.chess.com"]

[Event "Titled Tuesday Blitz December 06 Late 2022"]
[White "Potapova, Margarita"]
[Black "Chigaev, Maksim"]
[WhiteFideId "14126869"]
[BlackFideId "4108116"]
[WhiteElo "2273"]
[BlackElo "2542"]
[Result "0-1"]
[Round "02"]
[TimeControl "180+1"]
[Date "2022.12.07"]
[WhiteClock "0:01:18"]
[BlackClock "0:01:19"]

1. d4 Nf6 2. Bf4 d6 3. e3 g6 4. Nf3 Bg7 5. h3 O-O 6. Bh2 c5 7. c3 Qb6 8. Qb3 Be6 9. Qa3 cxd4 10. exd4 Qc6 11. Be2 Nbd7 12. O-O a5 13. Nbd2 b5 14. Rac1 Nb6 15. Ng5 Bd5 16. Bf3 h6 17. Bxd5 Nfxd5 18. Ngf3 a4 19. Rfe1 Nc4 20. Nxc4 bxc4 21. Nd2 Rfb8 22. Re2 Rb7 23. Rce1 Rab8 24. Nf3 Bf8 25. g4 e6 26. h4 Nf6 27. g5 hxg5 28. Nxg5 d5 29. b4 cxb3 30. Qb2 a3 31. Qb1 bxa2 32. Qxa2 Rb2 33. Qa1 Bd6 34. Bxd6 Qxd6 35. Nxe6 Ng4 0-1


[Site "https://www.chess.com"]

[Event "Titled Tuesday Blitz December 06 Late 2022"]
[White "Prohorov, Olexandr"]
[Black "Goncalves, Davi Sulzbacher"]
[WhiteFideId "14105578"]
[BlackFideId "2154510"]
[WhiteElo "1993"]
[BlackElo "2182"]
[Result "0-1"]
[Round "02"]
[TimeControl "180+1"]
[Date "2022.12.07"]
[WhiteClock "0:01:51"]
[BlackClock "0:00:26"]

1. Nf3 Nf6 2. c4 e6 3. Nc3 d5 4. d4 Be7 5. Bf4 O-O 6. e3 c5 7. dxc5 Bxc5 8. Qc2 Nc6 9. Rd1 Qa5 10. a3 Ne4 11. cxd5 Nxc3 12. Qxc3 Qxc3+ 13. bxc3 exd5 14. a4 Be6 15. Be2 Rac8 16. O-O Bb6 17. Nd4 Ba5 18. Nxe6 fxe6 19. c4 d4 20. Bd6 Rfd8 21. c5 dxe3 22. Bc4 exf2+ 23. Rxf2 Re8 24. Rdf1 Nd4 25. Rf4 Bc3 26. Kh1 g6 27. Rf7 Nf5 28. Rxb7 Nxd6 29. cxd6 Rxc4 30. d7 Rd8 31. Rxa7 Rd4 32. h3 R8xd7 33. Ra6 e5 34. a5 R4d5 35. Ra8+ Rd8 36. a6 Rxa8 0-1


[Site "https://www.chess.com"]

[Event "Titled Tuesday Blitz December 06 Late 2022"]
[White "Przybylski, Wojciech"]
[Black "Kovacevic, Radmila"]
[WhiteFideId "1117599"]
[BlackFideId "933171"]
[WhiteElo "2217"]
[BlackElo "2244"]
[Result "0-1"]
[Round "02"]
[TimeControl "180+1"]
[Date "2022.12.07"]
[WhiteClock "0:00:16"]
[BlackClock "0:00:19"]

1. e4 e5 2. Nf3 f5 3. d3 Nc6 4. Nc3 Nf6 5. Bg5 Bb4 6. Be2 d5 7. exd5 Qxd5 8. Bxf6 gxf6 9. Nd2 Qxg2 10. Bh5+ Kd8 11. Bf3 Qh3 12. Bxc6 bxc6 13. Qe2 Rg8 14. O-O-O Ba6 15. Rhg1 Kd7 16. Nc4 Rxg1 17. Rxg1 Qxh2 18. Rg7+ Be7 19. Qf3 Qh6+ 20. Ne3 Qxg7 21. Qxf5+ Ke8 22. Qe6 Bb7 23. Ne4 Qf7 24. Qf5 Rd8 25. Ng4 Bc8 26. Ngxf6+ Bxf6 27. Nxf6+ Ke7 28. Qxe5+ Qe6 29. Qxc7+ Kxf6 30. Qxd8+ Kf7 31. Qh8 Qe1# 0-1


[Site "https://www.chess.com"]

[Event "Titled Tuesday Blitz December 06 Late 2022"]
[White "Quesada Perez, Yuniesky"]
[Black "Riff, Vincent"]
[WhiteFideId "3504409"]
[BlackFideId "617776"]
[WhiteElo "2600"]
[BlackElo "2369"]
[Result "1-0"]
[Round "02"]
[TimeControl "180+1"]
[Date "2022.12.06"]
[WhiteClock "0:00:43"]
[BlackClock "0:01:10"]

1. e4 c5 2. Nf3 Nc6 3. Bb5 d6 4. c3 Nf6 5. Qe2 Bg4 6. O-O e5 7. h3 Bh5 8. Rd1 Be7 9. d4 cxd4 10. cxd4 exd4 11. g4 Bg6 12. Nxd4 Rc8 13. e5 O-O 14. Nxc6 bxc6 15. exf6 Bxf6 16. Bd3 Re8 17. Qf3 Qb6 18. Nc3 d5 19. Bxg6 fxg6 20. Rf1 Qb4 21. Qd3 Re7 22. Bd2 Qb7 23. b3 Rf7 24. Rae1 Rcf8 25. Re2 Bxc3 26. Bxc3 c5 27. Be5 d4 28. Bd6 Rf3 29. Qc4+ R8f7 30. Re8# 1-0


[Site "https://www.chess.com"]

[Event "Titled Tuesday Blitz December 06 Late 2022"]
[White "Quinones Garcia, Santiago"]
[Black "Gallo Garcia, Kemel Antonio"]
[WhiteFideId "4408497"]
[BlackFideId "3523896"]
[WhiteElo "2249"]
[BlackElo "2359"]
[Result "0-1"]
[Round "02"]
[TimeControl "180+1"]
[Date "2022.12.07"]
[WhiteClock "0:00:02"]
[BlackClock "0:00:58"]

1. e4 c5 2. Nf3 d6 3. d4 cxd4 4. Nxd4 Nf6 5. Nc3 g6 6. Be3 Bg7 7. f3 O-O 8. Qd2 Nc6 9. O-O-O Bd7 10. h4 Rc8 11. Kb1 Ne5 12. g4 b5 13. h5 b4 14. Nd5 e6 15. Nxf6+ Qxf6 16. Be2 Nc4 17. Bxc4 Rxc4 18. hxg6 hxg6 19. Qh2 Rfc8 20. Qxd6 Ba4 21. b3 Rc3 22. g5 Qe5 23. Qxe5 Bxe5 24. Bd2 R3c7 25. Be3 Be8 26. Rd2 a5 27. Rhd1 a4 28. f4 Bg7 29. e5 Bf8 30. Nf3 Bc6 31. Nd4 Be4 32. Rc1 Rc3 33. Bg1 Bc5 34. Ne2 Bxg1 35. Nxc3 bxc3 36. Re2 Bf3 37. Ree1 Bc5 38. Rf1 Bg4 39. Rcd1 axb3 40. axb3 Ba3 41. Rd3 Bb2 42. Rfd1 Bxd1 43. Rxd1 Ra8 0-1


[Site "https://www.chess.com"]

[Event "Titled Tuesday Blitz December 06 Late 2022"]
[White "Quizon, Daniel"]
[Black "Vlassov, Nikolai"]
[WhiteFideId "5217911"]
[BlackFideId "4103360"]
[WhiteElo "2816"]
[BlackElo "2557"]
[Result "1-0"]
[Round "02"]
[TimeControl "180+1"]
[Date "2022.12.07"]
[WhiteClock "0:01:07"]
[BlackClock "0:00:04"]

1. c4 e5 2. e3 Nf6 3. d3 c6 4. Nf3 Qc7 5. a3 d5 6. cxd5 cxd5 7. b4 Bd6 8. Bb2 O-O 9. Be2 Re8 10. h3 Nbd7 11. Nbd2 Nf8 12. Rc1 Qe7 13. O-O Ng6 14. e4 h6 15. Re1 Be6 16. Bf1 a5 17. exd5 Bxd5 18. Nc4 axb4 19. Nfxe5 Bxc4 20. Nxg6 Qxe1 21. Qxe1 Rxe1 22. Rxe1 Be6 23. Bxf6 gxf6 24. axb4 Bxb4 25. Rb1 Bd6 26. Nh4 Rb8 27. d4 Bd7 28. Bb5 Be6 29. d5 Bxd5 30. Rd1 Rd8 31. Nf5 Bc5 32. Bc4 Bxc4 33. Rxd8+ Kh7 34. g4 b5 35. Kg2 Ba3 36. Ne3 Be6 37. Rb8 b4 38. Nc2 Bd5+ 39. f3 f5 40. Nxb4 Bxb4 41. Rxb4 fxg4 42. hxg4 Kg6 43. Kg3 Be6 44. Rb5 f5 45. gxf5+ Bxf5 46. Kf4 Bd3 47. Rb6+ Kg7 48. Ke5 h5 49. Kf4 Bg6 50. Kg5 Be8 51. f4 Bf7 52. f5 Bc4 53. Kxh5 Kf7 54. Kg5 Bd5 55. Ra6 Bc4 56. Ra7+ Kf8 57. Kf6 Ke8 58. Ra8+ Kd7 59. Kg7 Bd5 60. Ra7+ 1-0


[Site "https://www.chess.com"]